AoeStats
← HuerquenLa

Arabia

509446101Analyzed
1v1 RM · 5d ago on Sep 26, 2026· 91m 54s· 2 players
Game mode
Random Map
Map size
Tiny (2 player)
Population
200
Speed
Normal
Resources
Standard
Victory
Conquest
Starting age
Dark Age
Ending age
Imperial Age
RankedLock teamsTeams togetherTeam positionsShared explorationLock speedFull tech treeHidden civsTurbo modeCheats
Victory
Defeat
🇦🇷 Bulgarians · Argentina
735
+8
🇫🇷 Cumans · France
537
-8
Juju7744
6:33 Loom
9:47 Feudal Age
11:37 Double-Bit Axe
14:45 Gold Mining
14:41 Horse Collar
18:55 Bloodlines
21:31 Forging
21:54 Scale Barding Armor
26:23 Castle Age
27:14 Thumb Ring
26:31 Crossbowman
28:02 Iron Casting
27:19 Fletching
28:41 Capped Ram
31:44 Light Cavalry
32:28 Bodkin Arrow
37:40 Chain Barding Armor
37:22 Padded Archer Armor
42:07 Steppe Husbandry
50:59 Imperial Age
56:52 Hussar
58:41 Blast Furnace
58:17 Plate Barding Armor
90:03 Pikeman
HuerquenLa
2:47 Loom
10:52 Feudal Age
11:57 Double-Bit Axe
12:26 Horse Collar
17:11 Town Watch
21:52 Castle Age
20:08 Forging
20:42 Gold Mining
20:46 Stone Mining
21:56 Scale Barding Armor
23:57 Squires
37:20 Fervor
38:46 Husbandry
39:27 Iron Casting
38:54 Scale Mail Armor
38:45 Fletching
39:38 Bloodlines
43:48 Wheelbarrow
43:27 Heavy Plow
44:05 Gold Shaft Mining
44:12 Stone Shaft Mining
46:35 Hand Cart
56:07 Imperial Age
54:32 Pikeman
56:41 Elite Konnik
57:09 Halberdier
66:24 Bow Saw
73:30 Crop Rotation
74:00 Capped Ram
79:42 Conscription
79:18 Stirrups
84:26 Blast Furnace
83:56 Chain Barding Armor
83:51 Chain Mail Armor
83:28 Fletching
86:30 Siege Engineers
Connection lost

Rejoining the realm…

Still unreachable

The connection could not be restored.

Session expired

The server has moved on; the page needs a fresh start.